TOP OF THE 1ST |
Viola Swords batting - Pitching for Tortolita Drummers : RHP Curt Pennington
|
Pitching: RHP Curt Pennington
|
|
Batting: LHB Gonzalo Durán
|
0-0: Ball 1-0: Called Strike 1-1: Ground out 3-1 (Groundball, 34)
|
Batting: RHB Daniel Drake
|
0-0: Ground out 6-3 (Groundball, 6)
|
Batting: RHB Michael Bucknell
|
0-0: Ball 1-0: Swinging Strike 1-1: Ground out 4-3 (Groundball, 4)
|
Top of the 1st over - 0 run(s), 0 hit(s), 0 error(s), 0 left on base; Viola 0 - Tortolita 0 |
BOTTOM OF THE 1ST |
Tortolita Drummers batting - Pitching for Viola Swords : RHP Jim Unknown
|
Pitching: RHP Jim Unknown
|
|
Batting: RHB Richard Ollivier
|
0-0: Ball 1-0: Called Strike 1-1: Ball 2-1: Foul Ball, location: 2F 2-2: Ball 3-2: SINGLE (Groundball, 56D)
|
Batting: RHB Ron Humboldt
|
0-0: Called Strike 0-1: Foul Ball, location: 2F 0-2: Fly out, F8 (Flyball, 8RM)
|
Batting: LHB Keith Spear
|
0-0: Called Strike 0-1: Swinging Strike 0-2: Ball 1-2: Foul Ball, location: 2F 1-2: Foul Ball, location: 2F 1-2: Ball 2-2: Ball 3-2: SINGLE (Flyball, 78M) Richard Ollivier to second
|
Batting: LHB Pat McJannett
|
0-0: Called Strike 0-1: Called Strike 0-2: Ball 1-2: Ball 2-2: Ball 3-2: Fly out, F8 (Line Drive, 8LD) Runner from 2nd tags up, SAFE at 3rd, no throw
|
Batting: RHB Lonnie Conrad
|
0-0: Swinging Strike 0-1: Foul Ball, location: 2F 0-2: Ball 1-2: Ball 2-2: Foul Ball, location: 2F 2-2: Fly out, F6 (Popup, 56D)
|
Bottom of the 1st over - 0 run(s), 2 hit(s), 0 error(s), 2 left on base; Viola 0 - Tortolita 0 |
TOP OF THE 2ND |
Viola Swords batting - Pitching for Tortolita Drummers : RHP Curt Pennington
|
Batting: RHB Steffen Taylor
|
0-0: SINGLE (Flyball, 9LS)
|
Batting: RHB Trevor Gardner
|
0-0: Ball 1-0: SINGLE (Line Drive, 9S) Steffen Taylor to second
|
Batting: LHB Keith Gardner
|
0-0: Ball 1-0: Foul Ball, location: 2F 1-1: Foul Ball, location: 2F 1-2: Fly out, F6 (Popup, 56D)
|
Batting: RHB Paul Arthur
|
0-0: Called Strike 0-1: Foul Ball, location: 2F 0-2: Ball 1-2: Ball 2-2: Grounds into double play, 5-4-3 (Groundball, 5)
|
Top of the 2nd over - 0 run(s), 2 hit(s), 0 error(s), 1 left on base; Viola 0 - Tortolita 0 |
BOTTOM OF THE 2ND |
Tortolita Drummers batting - Pitching for Viola Swords : RHP Jim Unknown
|
Batting: RHB Júlio Cruz
|
0-0: DOUBLE (Groundball, 5L)
|
Batting: SHB Vernon Thomas
|
0-0: Ground out 1-3 (Groundball, 13S) Júlio Cruz to third
|
Batting: RHB Robert Bailey
|
0-0: Ball 1-0: Ball 2-0: Called Strike 2-1: Foul Ball, location: 2F 2-2: 2-RUN HOME RUN (Flyball, 7D), Distance : 368 ft
|
Batting: RHB Caleb Mitchell
|
0-0: Fly out, F8 (Line Drive, 8RD)
|
Batting: RHB Richard Ollivier
|
0-0: Ball 1-0: Ball 2-0: Called Strike 2-1: Called Strike 2-2: Ball 3-2: Base on Balls
|
Batting: RHB Ron Humboldt
|
0-0: Called Strike 0-1: Ball 1-1: Foul Ball, location: 2F 1-2: Ground out 5-3 (Groundball, 5)
|
Bottom of the 2nd over - 2 run(s), 2 hit(s), 0 error(s), 1 left on base; Viola 0 - Tortolita 2 |
TOP OF THE 3RD |
Viola Swords batting - Pitching for Tortolita Drummers : RHP Curt Pennington
|
Batting: RHB Ángel González
|
0-0: Ball 1-0: Called Strike 1-1: Ball 2-1: Foul Ball, location: 2F 2-2: Ball 3-2: Base on Balls
|
Batting: RHB Pedro Sánchez
|
0-0: Ball 1-0: Ball 2-0: Fly out, F8 (Flyball, 8RM)
|
Batting: LHB Gonzalo Durán
|
0-0: Called Strike 0-1: Ball 1-1: Called Strike 1-2: Grounds into double play, U4-3 (Groundball, 4)
|
Top of the 3rd over - 0 run(s), 0 hit(s), 0 error(s), 0 left on base; Viola 0 - Tortolita 2 |
BOTTOM OF THE 3RD |
Tortolita Drummers batting - Pitching for Viola Swords : RHP Jim Unknown
|
Batting: LHB Keith Spear
|
0-0: Foul Ball, location: 2F 0-1: Ball 1-1: Ball 2-1: Foul Ball, location: 2F 2-2: Fly out, F5 (Popup, 5L)
|
Batting: LHB Pat McJannett
|
0-0: Called Strike 0-1: Ball 1-1: Called Strike 1-2: Strikes out swinging
|
Batting: RHB Lonnie Conrad
|
0-0: Ball 1-0: Ball 2-0: Foul Ball, location: 2F 2-1: Foul Ball, location: 2F 2-2: Foul Ball, location: 2F 2-2: Foul Ball, location: 2F 2-2: Foul Ball, location: 2F 2-2: Foul Ball, location: 2F 2-2: Fly out, F8 (Flyball, 8LXD)
|
Bottom of the 3rd over - 0 run(s), 0 hit(s), 0 error(s), 0 left on base; Viola 0 - Tortolita 2 |
TOP OF THE 4TH |
Viola Swords batting - Pitching for Tortolita Drummers : RHP Curt Pennington
|
Batting: RHB Daniel Drake
|
0-0: Called Strike 0-1: Foul Ball, location: 2F 0-2: Ball 1-2: Foul Ball, location: 2F 1-2: Ball 2-2: Strikes out swinging
|
Batting: RHB Michael Bucknell
|
0-0: Ball 1-0: Ball 2-0: Fly out, F3 (Popup, 3L)
|
Batting: RHB Steffen Taylor
|
0-0: Ground out 1-3 (Groundball, 15)
|
Top of the 4th over - 0 run(s), 0 hit(s), 0 error(s), 0 left on base; Viola 0 - Tortolita 2 |
BOTTOM OF THE 4TH |
Tortolita Drummers batting - Pitching for Viola Swords : RHP Jim Unknown
|
Batting: RHB Júlio Cruz
|
0-0: Ball 1-0: Foul Ball, location: 2F 1-1: Foul Ball, location: 2F 1-2: Foul Ball, location: 2F 1-2: Foul Ball, location: 2F 1-2: Foul Ball, location: 2F 1-2: Ball 2-2: Ball 3-2: SINGLE (Flyball, 7S)
|
Batting: SHB Vernon Thomas
|
0-0: Grounds into double play, 6-4-3 (Groundball, 6)
|
Batting: RHB Robert Bailey
|
0-0: Foul Ball, location: 2F 0-1: Ground out 5-3 (Groundball, 5)
|
Bottom of the 4th over - 0 run(s), 1 hit(s), 0 error(s), 0 left on base; Viola 0 - Tortolita 2 |
TOP OF THE 5TH |
Viola Swords batting - Pitching for Tortolita Drummers : RHP Curt Pennington
|
Batting: RHB Trevor Gardner
|
0-0: Ball 1-0: Ball 2-0: Fly out, F8 (Flyball, 8LM)
|
Batting: LHB Keith Gardner
|
0-0: Ball 1-0: Ball 2-0: Swinging Strike 2-1: SINGLE (Flyball, 8LS)
|
Batting: RHB Paul Arthur
|
0-0: Ball 1-0: Called Strike 1-1: Ball 2-1: Foul Ball, location: 2F 2-2: DOUBLE (Line Drive, 3L) Keith Gardner to third Keith Gardner scores
|
Batting: RHB Ángel González
|
0-0: Ball 1-0: Ball 2-0: Called Strike 2-1: Ball 3-1: Called Strike 3-2: Foul Ball, location: 2F 3-2: Base on Balls
|
Batting: RHB Pedro Sánchez
|
0-0: Foul Ball, location: 2F 0-1: Ball 1-1: Ball Paul Arthur steals 3rd base Ángel González to second 2-1: Foul Ball, location: 2F 2-2: Foul Ball, location: 2F 2-2: Fly out, F9 (Line Drive, 89S)
|
Batting: LHB Gonzalo Durán
|
0-0: Called Strike 0-1: Swinging Strike 0-2: Foul Ball, location: 2F 0-2: Strikes out swinging
|
Top of the 5th over - 1 run(s), 2 hit(s), 0 error(s), 2 left on base; Viola 1 - Tortolita 2 |
BOTTOM OF THE 5TH |
Tortolita Drummers batting - Pitching for Viola Swords : RHP Jim Unknown
|
Batting: RHB Caleb Mitchell
|
0-0: Foul Ball, location: 2F 0-1: Ball 1-1: Swinging Strike 1-2: Ball 2-2: Ball 3-2: Strikes out looking
|
Batting: RHB Richard Ollivier
|
0-0: Called Strike 0-1: Ball 1-1: Foul Ball, location: 2F 1-2: Ball 2-2: Strikes out looking
|
Batting: RHB Ron Humboldt
|
0-0: Ground out 6-3 (Groundball, 6M)
|
Bottom of the 5th over - 0 run(s), 0 hit(s), 0 error(s), 0 left on base; Viola 1 - Tortolita 2 |
TOP OF THE 6TH |
Viola Swords batting - Pitching for Tortolita Drummers : RHP Curt Pennington
|
Batting: RHB Daniel Drake
|
0-0: Ball 1-0: Called Strike 1-1: Swinging Strike 1-2: Foul Ball, location: 2F 1-2: Ball 2-2: Strikes out swinging
|
Batting: RHB Michael Bucknell
|
0-0: Ball 1-0: Swinging Strike 1-1: Ball 2-1: Foul Ball, location: 2F 2-2: Ball 3-2: Strikes out swinging
|
Batting: RHB Steffen Taylor
|
0-0: Called Strike 0-1: Foul Ball, location: 2F 0-2: Foul Ball, location: 2F 0-2: Ball 1-2: Strikes out looking
|
Top of the 6th over - 0 run(s), 0 hit(s), 0 error(s), 0 left on base; Viola 1 - Tortolita 2 |
BOTTOM OF THE 6TH |
Tortolita Drummers batting - Pitching for Viola Swords : RHP Jim Unknown
|
Batting: LHB Keith Spear
|
0-0: Foul Ball, location: 2F 0-1: Ground out 4-3 (Groundball, 4)
|
Batting: LHB Pat McJannett
|
0-0: Called Strike 0-1: Ball 1-1: Foul Ball, location: 2F 1-2: Foul Ball, location: 2F 1-2: Ball 2-2: Ground out 1-3 (Groundball, 15S)
|
Batting: RHB Lonnie Conrad
|
0-0: Ball 1-0: Called Strike 1-1: Ball 2-1: Foul Ball, location: 2F 2-2: Ground out 6-3 (Groundball, 6)
|
Bottom of the 6th over - 0 run(s), 0 hit(s), 0 error(s), 0 left on base; Viola 1 - Tortolita 2 |
TOP OF THE 7TH |
Viola Swords batting - Pitching for Tortolita Drummers : RHP Curt Pennington
|
Batting: RHB Trevor Gardner
|
0-0: Foul Ball, location: 2F 0-1: Ball 1-1: Ball 2-1: Ball 3-1: Base on Balls
|
Batting: LHB Keith Gardner
|
0-0: Called Strike 0-1: Ball 1-1: Sac Bunt - play at second, runner OUT! 1-6
|
Pinch Hitting: RHB Jim Unknown
|
0-0: Called Strike 0-1: Called Strike 0-2: Ball 1-2: Ball 2-2: Ball 3-2: Base on Balls Keith Gardner to second
|
Pitching: RHP Javier Estrada
|
|
Pinch Hitting: RHB Jim Unknown
|
0-0: Ball 1-0: Ball 2-0: Called Strike 2-1: Fly out, F7 (Flyball, 7M)
|
Batting: RHB Pedro Sánchez
|
0-0: Called Strike 0-1: Swinging Strike 0-2: Strikes out looking
|
Top of the 7th over - 0 run(s), 0 hit(s), 0 error(s), 2 left on base; Viola 1 - Tortolita 2 |
BOTTOM OF THE 7TH |
Tortolita Drummers batting - Pitching for Viola Swords : RHP Jim Unknown
|
Now at SS: Jim Unknown
|
|
Now in LF: Jim Unknown
|
|
Batting: RHB Júlio Cruz
|
0-0: Ball 1-0: Ball 2-0: Ball 3-0: Base on Balls
|
Pitching: RHP Doug Ryan
|
|
Batting: SHB Vernon Thomas
|
0-0: Sac Bunt - play at first, batter OUT! 5-4 Júlio Cruz to second
|
Pinch Hitting: LHB Jesse Taylor
|
0-0: Intentional Walk
|
Batting: RHB Caleb Mitchell
|
0-0: Ball 1-0: Called Strike 1-1: Ball 2-1: Foul Ball, location: 2F 2-2: Strikes out looking
|
Batting: RHB Richard Ollivier
|
0-0: Ball 1-0: Fielders Choice at 2nd, U6 (Groundball, 6M)
|
Bottom of the 7th over - 0 run(s), 0 hit(s), 0 error(s), 2 left on base; Viola 1 - Tortolita 2 |
TOP OF THE 8TH |
Viola Swords batting - Pitching for Tortolita Drummers : RHP Javier Estrada
|
Pitching: RHP Artie Chávez
|
|
Now in RF: Jesse Taylor
|
|
Batting: LHB Gonzalo Durán
|
0-0: Ball 1-0: Swinging Strike 1-1: Ball 2-1: Ball 3-1: Called Strike 3-2: Base on Balls
|
Batting: RHB Daniel Drake
|
0-0: Bunted foul 0-1: Bunted foul 0-2: Ball 1-2: Ball 2-2: Ball 3-2: Strikes out swinging
|
Batting: RHB Michael Bucknell
|
0-0: Fly out, F3 (Popup, 3DF)
|
Batting: RHB Steffen Taylor
|
0-0: Ball 1-0: Fly out, F9 (Popup, 9LS)
|
Top of the 8th over - 0 run(s), 0 hit(s), 0 error(s), 1 left on base; Viola 1 - Tortolita 2 |
BOTTOM OF THE 8TH |
Tortolita Drummers batting - Pitching for Viola Swords : RHP Doug Ryan
|
Batting: RHB Ron Humboldt
|
0-0: Called Strike 0-1: Called Strike 0-2: Ball 1-2: Foul Ball, location: 2F 1-2: Ball 2-2: Foul Ball, location: 2F 2-2: Ball 3-2: Foul Ball, location: 2F 3-2: Ground out 5-3 (Groundball, 56S)
|
Batting: LHB Keith Spear
|
0-0: Fly out, F7 (Flyball, 7D)
|
Batting: LHB Pat McJannett
|
0-0: Fly out, F7 (Flyball, 78M)
|
Bottom of the 8th over - 0 run(s), 0 hit(s), 0 error(s), 0 left on base; Viola 1 - Tortolita 2 |
TOP OF THE 9TH |
Viola Swords batting - Pitching for Tortolita Drummers : RHP Artie Chávez
|
Pitching: LHP Parker Cooke
|
|
Pinch Hitting: RHB Carlos Caraballo
|
0-0: Foul Ball, location: 2F 0-1: Fly out, F9 (Flyball, 9S)
|
Pinch Hitting: RHB Bill Newsome
|
0-0: Called Strike 0-1: Swinging Strike 0-2: Ball 1-2: Hit by Pitch
|
Batting: RHB Jim Unknown
|
0-0: Ball 1-0: Ball 2-0: Ball 3-0: Called Strike 3-1: DOUBLE (Flyball, 89XD) Bill Newsome to third
|
Batting: RHB Jim Unknown
|
0-0: Ball 1-0: Called Strike 1-1: Foul Ball, location: 2F 1-2: Ball 2-2: Ball 3-2: Base on Balls
|
Batting: RHB Pedro Sánchez
|
0-0: Swinging Strike 0-1: Swinging Strike 0-2: Strikes out swinging
|
Batting: LHB Gonzalo Durán
|
0-0: Ball 1-0: Foul Ball, location: 2F 1-1: Ground out 4-3 (Groundball, 4)
|
Top of the 9th over - 0 run(s), 1 hit(s), 0 error(s), 3 left on base; Viola 1 - Tortolita 2 |
|